 Seeded DCSS version 0.30-a0-297-g0ec75d9ef4 (webtiles) character file.

Game seed: 11101825915740201366 (custom seed)

761 purpskrrrp the Grappler (level 7, -4/66 HPs)
             Began as a Troll Fighter on Oct 19, 2022.
             Was an Initiate of Vehumet.
             Slain by a two-headed ogre
             ... wielding a +0 giant spiked club
              (6 damage)
             ... on level 8 of the Dungeon.
             The game lasted 00:03:16 (1895 turns).

purpskrrrp the Grappler (Troll Fighter)             Turns: 1895, Time: 00:03:16

Health: -4/66      AC:  4    Str: 39    XL:     7   Next: 51%
Magic:  6/6        EV:  8    Int:  4    God:    Vehumet [......]
Gold:   1091       SH:  7    Dex:  9    Spells: 6/6 levels left

rFire   . . .      SeeInvis .      - Unarmed
rCold   . . .      Faith    .    b - +0 kite shield
rNeg    . . .      Spirit   .    a - +0 robe
rPois   .          Reflect  .    (helmet restricted)
rElec   .          Harm     .    (no cloak)
rCorr   .          Rampage  .    (gloves unavailable)
Will    .....                    (boots unavailable)
Stlth   +.........               (no amulet)
HPRegen 1.11/turn                f - +6 ring of strength
MPRegen 0.10/turn                j - +6 ring of strength

@: no status effects
A: large, unfitting armour, claws 3, regeneration 1, shaggy fur 1, tough skin 1
a: Renounce Religion


You were on level 8 of the Dungeon.
You worshipped Vehumet.
Vehumet was noncommittal.
You visited 1 branch of the dungeon, and saw 8 of its levels.

You collected 1091 gold pieces.

Inventory:

Hand Weapons
 m - the +7 captain's cutlass {speed, disarm}
   (You found it on level 5 of the Dungeon)

   Attacks with this weapon are significantly faster.
   It may disarm weapon-wielding foes when striking them, dealing extra damage
   in the process.
Armour
 a - a +0 robe (worn)
 b - a +0 kite shield (worn)
Jewellery
 e - a ring of protection from cold
 f - a +6 ring of strength (left claw)
 j - a +6 ring of strength (right claw)
Wands
 l - a wand of flame (9)
Scrolls
 g - 2 scrolls of identify
 h - a scroll of fog {unknown}
 n - a scroll of teleportation
 o - a scroll of silence {unknown}
 p - a scroll of blinking {unknown}
Potions
 c - a potion of might
 d - a potion of ambrosia
 i - 2 potions of brilliance {unknown}
 k - a potion of berserk rage {unknown}


   Skills:
 - Level 2.4 Fighting
 - Level 2.4 Dodging
 - Level 2.6 Shields
 + Level 8.7 Unarmed Combat


You had 6 spell levels left.
You didn't know any spells.
Your spell library was empty.

Dungeon Overview and Level Annotations

Branches:
Dungeon (8/15)
 Temple: D:4-7         Lair: D:8-11

Altars:
Cheibriados
Fedhas
Ru
Vehumet

Shops:
D:2 *

Annotations:
D:5 1 runed translucent door, Crazy Yiuf


Innate Abilities, Weirdness & Mutations

You are too large for most types of armour.
You have claws for hands.
Your natural rate of healing is unusually fast.
You are covered in fur. (AC +1)
You have tough skin. (AC +1)


Message History

Found a stone staircase leading down.
n - a scroll of teleportation
o - a scroll labelled QUYVEV AMAULASH
p - a scroll labelled NUDWAL ACAOS
Found 9 stones.
You see here 9 stones.
i - 2 dark potions (gained 1)
There is a stone staircase leading up here.
You open the door.
Found a snail-covered altar of Cheibriados and a sacrificial altar of Ru.
There is a stone staircase leading down here.
You climb downwards.
There is a stone staircase leading up here.
You open the door.
A two-headed ogre and a water moccasin come into view.
The two-headed ogre is wielding a +0 giant spiked club and a +0 vorpal dire flail.
The two-headed ogre shouts in stereo!
The water moccasin hisses angrily.
You hear a shout!
There are monsters nearby!
There is an open door here.
You claw the two-headed ogre!
The two-headed ogre is moderately wounded.
You barely miss the two-headed ogre.
The two-headed ogre is moderately wounded.
A gnoll comes into view. It is wielding a +0 flail.
The two-headed ogre hits you with a +0 giant spiked club!
You block the two-headed ogre's attack.
You scratch the two-headed ogre.
The two-headed ogre is moderately wounded.
You block the two-headed ogre's attack.
The two-headed ogre hits you with a +0 vorpal dire flail.
You mangle the two-headed ogre!!
The two-headed ogre is severely wounded.
A gnoll bouda comes into view. It is wielding a +0 club.
You barely miss the two-headed ogre.
The two-headed ogre is severely wounded.
The two-headed ogre hits you with a +0 giant spiked club!!
The two-headed ogre hits you with a +0 vorpal dire flail!!
* * * LOW HITPOINT WARNING * * *
You die...

####
#<.##
#...#
##.@#
###O....#
.......
..8....
g......
.....##
#.g.#+
...#


You could see a two-headed ogre, a gnoll bouda and a gnoll.

Vanquished Creatures
  Grinder (D:5)
  An ice beast (D:5)
  An ogre (D:4)
  A centaur (D:7)
  A scorpion (D:4)
  A howler monkey (D:5)
  2 hounds
  8 gnolls
  2 adders
  A worm (D:2)
  A dart slug (D:1)
  5 orcs (D:4)
  2 endoplasms
  2 giant cockroaches
  A goblin (D:1)
  2 hobgoblins
  2 jackals (D:2)
  4 kobolds
  2 quokkas
  5 ball pythons
  4 bats
  2 frilled lizards (D:1)
  4 rats
55 creatures vanquished.

Notes
Turn   | Place    | Note
-------+----------+-------------------------------------------
     0 | D:1      | purpskrrrp the Troll Fighter began the quest for the Orb.
     0 | D:1      | Reached XP level 1. HP: 22/22 MP: 0/0
   370 | D:1      | Reached XP level 2. HP: 29/29 MP: 1/1
   454 | D:1      | Reached skill level 3 in Unarmed Combat
   771 | D:2      | Found Sezesipe's Assorted Antiques.
   795 | D:2      | Identified a scroll of acquirement
   795 | D:2      | Acquired 952 gold pieces
   899 | D:2      | Reached XP level 3. HP: 36/36 MP: 2/2
  1191 | D:3      | Reached skill level 4 in Unarmed Combat
  1195 | D:3      | Reached XP level 4. HP: 40/44 MP: 3/3
  1219 | D:4      | Noticed an ogre
  1226 | D:4      | Killed an ogre
  1227 | D:4      | Reached skill level 5 in Unarmed Combat
  1227 | D:4      | Reached XP level 5. HP: 34/50 MP: 4/4
  1311 | D:4      | Found a radiant altar of Vehumet.
  1319 | D:4      | Reached skill level 6 in Unarmed Combat
  1343 | D:4      | Became a worshipper of Vehumet
  1381 | D:4      | Found a blossoming altar of Fedhas.
  1390 | D:4      | Reached XP level 6. HP: 44/59 MP: 5/5
  1469 | D:5      | Entered Level 5 of the Dungeon
  1502 | D:5      | Noticed an ice beast
  1508 | D:5      | Killed an ice beast
  1509 | D:5      | Reached skill level 7 in Unarmed Combat
  1556 | D:5      | Found a runed translucent door.
  1557 | D:5      | Noticed Crazy Yiuf
  1631 | D:5      | Noticed Grinder
  1635 | D:5      | Killed Grinder
  1636 | D:5      | Reached skill level 8 in Unarmed Combat
  1636 | D:5      | Reached XP level 7. HP: 66/66 MP: 6/6
  1639 | D:5      | Found the +7 captain's cutlass {speed, disarm}
  1837 | D:7      | Found a snail-covered altar of Cheibriados.
  1837 | D:7      | Found a sacrificial altar of Ru.
  1889 | D:8      | Noticed a two-headed ogre
  1895 | D:8      | HP: 2/66 [two-headed ogre/+0 giant spiked club (23)]
  1895 | D:8      | Slain by a two-headed ogre

Illustrated notes

Levels and vault maps discovered:
D:1:      tarquinn_simple_flora_water_c, layout_basic
D:2:      layout_loops_cross, serial_shops, shop, minmay_tree_intersection
D:3:      layout_basic, portal_sewer_entry_a, chequers_jeans, nrook_uturn,
          minmay_hedge_maze, nicolae_elevator_lobby_asterisk
D:4:      kennysheep_goblin_castle, layout_loops_ring, old_standard_altar,
          fedhas_altar_1, kennysheep_orc_chapel
D:5:      layout_basic, patterned_corridor, uniq_grinder, uniq_eustachio,
          uniq_crazy_yiuf_cottage, uniq_blork_the_orc
D:6:      layout_rooms
D:7:      layout_loops_ring, gammafunk_temple_overflow_statue,
          minmay_temple_entry_from_below_b, serial_shops, kennysheep_mini_moat,
          nicolae_diamond_shop, nicolae_shop_window_shopping, shop, shop
D:8:      layout_loops_corners, grunt_ministairs_6, hangedman_misty_isle

Skill      XL: |  1  2  3  4  5  6 |
---------------+-------------------+-----
Unarmed Combat | 3 4 5 6 8 |  8.7
Fighting       | |  2.4
Dodging        | |  2.4
Shields        | |  2.6

Action                   |  1- 3 |  4- 6 |  7- 9 || total
-------------------------+-------+-------+-------++-------
Melee: Unarmed           |    69 |    47 |    24 ||   140
  Use: Scroll            |     5 |       |       ||     5
Armor: Robe              |    32 |    11 |     6 ||    49
Dodge: Dodged            |    38 |    22 |     3 ||    63
Block: Kite shield       |    33 |    19 |    13 ||    65

Table legend: (Time is in decaauts)
 A = Elapsed time spent in this place.
 B = Non-inter-level travel time spent in this place.
 C = Inter-level travel time spent in this place.
 D = Time resting spent in this place.
 E = Time spent auto-exploring this place.
 F = Levels seen in this place.
 G = Mean time per level.
                   A        B        C        D        E       F      G
               +--------+--------+--------+--------+--------+-----+--------+
         Total |   1899 |   1726 |    173 |      0 |   1337 |   8 |  237.4 |
       Dungeon |   1899 |   1726 |    173 |      0 |   1337 |   8 |  237.4 |
               +--------+--------+--------+--------+--------+-----+--------+

Top non-repeatable levels by time:
     D:1: 753 daAuts
     D:2: 347 daAuts
     D:4: 250 daAuts
     D:7: 220 daAuts
     D:5: 188 daAuts
     D:3: 124 daAuts
     D:6: 7 daAuts
     D:8: 7 daAuts
